 Dungeon Crawl Stone Soup version 0.31.0-9-g3a7656b989 (webtiles) character file.

Game seed: 10833545877266445373

42 qw the Shooter (level 3, -3/20 HPs)
             Began as a Deep Elf Hunter on Feb 2, 2024.
             Slain by Terence
             ... wielding a +0 hand axe
              (4 damage)
             ... on level 2 of the Dungeon.
             The game lasted 00:00:04 (1487 turns).

qw the Shooter (Deep Elf Hunter)                    Turns: 1487, Time: 00:00:05

Health: -3/20      AC:  5    Str: 10    XL:     3   Next: 35%
Magic:  5/5        EV: 11    Int: 13    God:
Gold:   99         SH:  0    Dex: 18    Spells: 2/2 levels left

rFire   . . .        a - +1 shortbow
rCold   . . .        (shield currently unavailable)
rNeg    . . .        f - +0 ring mail
rPois   .            (no helmet)
rElec   .            (no cloak)
rCorr   .            (no gloves)
SInv    .            (no boots)
Will    +....        (no amulet)
Stlth   +            h - ring of willpower
HPRegen 0.23/turn    (no ring)
MPRegen 0.09/turn

%: no passive effects
@: no status effects
A: no striking features
a: no special abilities


You were on level 2 of the Dungeon.
You visited 1 branch of the dungeon, and saw 2 of its levels.

You collected 99 gold pieces.


   Skills:
 - Level 1.5 Fighting
 + Level 6.9 Ranged Weapons
 - Level 2.4 Dodging
 - Level 1.2 Stealth


You had 2 spell levels left.
You didn't know any spells.
Your spell library was empty.

Inventory:

Hand Weapons
 a - a +1 shortbow (weapon)
Armour
 f - a +0 ring mail (worn)
Jewellery
 h - a ring of willpower (left hand)
Scrolls
 c - a scroll of summoning {unknown}
 e - 2 scrolls of identify {unknown}
Potions
 b - a potion of invisibility {unknown}
 d - 2 potions of curing
 i - a potion of heal wounds {unknown}

Dungeon Overview and Level Annotations

Branches:
Dungeon (2/15)

Altars:

Annotations:
D:2 Terence


Message History

You open the door.
Found an escape hatch in the ceiling.
There is an open door here.
A giant cockroach comes into view.
You shoot an arrow. The arrow hits the giant cockroach.
You kill the giant cockroach!
You hear a shout!
Terence the Incautious comes into view.
He is wielding a +0 hand axe and wearing a +2 scale mail of poison resistance.
You shoot an arrow. The arrow barely misses Terence.
You shoot an arrow. The arrow closely misses Terence.
You shoot an arrow. The arrow closely misses Terence.
You shoot an arrow. The arrow hits Terence.
Terence is lightly wounded.
Terence hits you with a +0 hand axe.
You shoot an arrow. The arrow barely misses Terence.
Terence hits you with a +0 hand axe. Terence barely misses you.
You shoot an arrow. The arrow hits Terence!
Terence is severely wounded.
Terence barely misses you.
You shoot an arrow.
The arrow hits Terence but does no damage.
Terence is severely wounded.
Terence hits you with a +0 hand axe.
You shoot an arrow. The arrow closely misses Terence.
Terence hits you with a +0 hand axe.
You shoot an arrow.
The arrow hits Terence but does no damage.
Terence is heavily wounded.
Terence hits you with a +0 hand axe.
You shoot an arrow. The arrow hits Terence.
Terence is almost dead.
Terence hits you with a +0 hand axe. Terence hits you but does no damage.
You shoot an arrow. The arrow closely misses Terence.
Terence closely misses you.
You shoot an arrow.
The arrow hits Terence but does no damage.
Terence is almost dead.
Terence hits you with a +0 hand axe.
You die...
Terence says, "That felt goooood."

#.......# .#
#.......# >.
##.......#########
#........'........
#........#########
#........#
#.<......#########
#.########........
#@# #........ #@#
#........ ...
#........ .....
#........ .......
#......>.
.........
#........
#..........
#........
#...........
########. #######.


You could see Terence.

Vanquished Creatures
  An adder (D:2)
  A dart slug (D:1)
  A ribbon worm (D:2)
  A ball python (D:1)
  An endoplasm (D:1)
  2 giant cockroaches
  2 goblins (D:1)
  7 hobgoblins
  4 kobolds
  2 quokkas
  3 frilled lizards
  A rat (D:2)
26 creatures vanquished.

Notes
Turn   | Place    | Note
-------+----------+-------------------------------------------
     0 | D:1      | qw the Deep Elf Hunter began the quest for the Orb.
     0 | D:1      | Reached XP level 1. HP: 12/12 MP: 3/3
     0 | D:1      | 0 ||| qw: Version: 0.3-a-155-g5e7d8dd
     0 | D:1      | 0 ||| qw: Game counter: 2545
     0 | D:1      | 0 ||| qw: Melee chars always use a shield: true
     0 | D:1      | 0 ||| qw: God list: Okawaru
     0 | D:1      | 0 ||| qw: Allow faded altars: false
     0 | D:1      | 0 ||| qw: Do Orc after clearing Dungeon:15 true
     0 | D:1      | 0 ||| qw: Do second Lair branch before Depths: true
     0 | D:1      | 0 ||| qw: Lair rune preference: random
     0 | D:1      | 0 ||| qw: Goals: Normal
     0 | D:1      | 0 ||| PLANNING D:1-11
   135 | D:1      | Reached XP level 2. HP: 16/16 MP: 4/4
   185 | D:1      | Reached skill level 6 in Ranged Weapons
   316 | D:1      | Found a faded altar of an unknown god.
   368 | D:1      | You fall into a shaft and drop 1 floor!
   413 | D:2      | 413 ||| UPGRADING to +0 ring mail.
   423 | D:2      | 423 ||| DROPPING +0 leather armour.
   424 | D:2      | 424 ||| UPGRADING to ring of willpower.
   425 | D:2      | 425 ||| READING 2 scrolls labelled KARULL QYSOES.
   426 | D:2      | 426 ||| READING scroll labelled SIXUORCHURAQ.
   426 | D:2      | 426 ||| ENCHANTING +0 shortbow.
   427 | D:2      | 427 ||| DRINKING 3 golden potions.
   428 | D:2      | 428 ||| DROPPING scroll of butterflies.
   429 | D:2      | 429 ||| DROPPING scroll of blinking.
  1030 | D:1      | 1030 ||| READING scroll labelled UDUMIT ANAPSA.
  1061 | D:1      | 1061 ||| READING scroll labelled WEDOEM DIHI.
  1065 | D:1      | 1065 ||| READING scroll labelled LAXTUN TUAQIFO.
  1066 | D:1      | 1066 ||| DRINKING 2 lumpy pink potions.
  1067 | D:1      | 1067 ||| DROPPING potion of attraction.
  1174 | D:2      | Reached XP level 3. HP: 20/20 MP: 5/5
  1475 | D:2      | Noticed Terence
  1484 | D:2      | HP: 5/20 [Terence/+0 hand axe (3)]
  1485 | D:2      | HP: 1/20 [Terence/+0 hand axe (4)]
  1487 | D:2      | Slain by Terence

Levels and vault maps discovered:
D:1:      co_arrival_random_square_maze, layout_basic,
          hellmonk_ecumenical_altar_leap_of_faith, minivault_11
D:2:      layout_basic, minmay_tiny_reverse_x, uniq_terence

Skill      XL: |  1  2 |
---------------+-------+-----
Ranged Weapons | 6 |  6.9
Fighting       | |  1.5
Dodging        | |  2.4
Stealth        | |  1.2

Action                     || total
---------------------------++-------
   Fire: Shortbow          ||    74
    Use: Scroll            ||     5
         Potion            ||     2
 Armour: Leather armour    ||     6
         Ring mail         ||    12
  Dodge: Dodged            ||    10

Table legend:
 A = Non-vault XP
 B = Vault XP
 C = Vault XP percentage of total XP
 D = Non-vault monster count
 E = Vault monster count
 F = Vault count percentage of total count
                 A         B        C        D         E       F
            +---------+---------+-------+---------+---------+-------
      Total |      61 |       0 |   0.0 |      26 |       0 |   0.0
            +---------+---------+-------+---------+---------+-------
        D:1 |      31 |       0 |   0.0 |      16 |       0 |   0.0
        D:2 |      30 |       0 |   0.0 |      10 |       0 |   0.0
            +---------+---------+-------+---------+---------+-------
